3L
SEATTLE AVIATORS @ D.C. DIVIDED
06/24/2023
 
TOP OF THE 1ST
Seattle Aviators batting - Pitching for D.C. Divided : LHP Leslie Brooks
Pitching: LHP Leslie Brooks
Batting: RHB Randolph Davis 0-0: Called Strike
0-1: Foul Ball, location: 2F
0-2: Foul Ball, location: 2F
0-2: Ball
1-2: Ball
2-2: Foul Ball, location: 2F
2-2: Foul Ball, location: 2F
2-2: Strikes out looking
Batting: RHB Brian Williams 0-0: Called Strike
0-1: Foul Ball, location: 2F
0-2: Ball
1-2: Ball
2-2: SINGLE (Line Drive, 56D)
Batting: RHB Sean Davis 0-0: Ball
1-0: Swinging Strike
1-1: Swinging Strike
1-2: Foul Ball, location: 2F
1-2: Strikes out swinging
Batting: LHB Jorge Mojica 0-0: Ball
1-0: Called Strike
1-1: Ball
2-1: Swinging Strike
2-2: Foul Ball, location: 2F
2-2: DOUBLE (Groundball, 3L)
Brian Williams to third
Batting: RHB Tanyu Kimura 0-0: Ball
1-0: Ground out 5-3 (Groundball, 5)
Top of the 1st over - 0 run(s), 2 hit(s), 0 error(s), 2 left on base; Seattle 0 - D.C. 0
BOTTOM OF THE 1ST
D.C. Divided batting - Pitching for Seattle Aviators : RHP António Rodríguez
Pitching: RHP António Rodríguez
Batting: RHB Duncan Thomas 0-0: Ball
1-0: Called Strike
1-1: Fly out, F6 (Popup, 6)
Batting: LHB Keith Bridges 0-0: Ball
1-0: Ball
2-0: Foul Ball, location: 2F
2-1: SOLO HOME RUN (Flyball, 9LD), Distance : 359 ft
Batting: LHB Ray Sears 0-0: Ball
1-0: Foul Ball, location: 2F
1-1: Ball
2-1: Ball
3-1: Base on Balls
Batting: LHB Mike Gardner 0-0: Ball
1-0: Ball
2-0: Ball
3-0: Called Strike
3-1: Base on Balls
Ray Sears to second
Batting: RHB Miguel Silva 0-0: Grounds into double play, 6-4-3 (Groundball, 6)
Bottom of the 1st over - 1 run(s), 1 hit(s), 0 error(s), 1 left on base; Seattle 0 - D.C. 1
TOP OF THE 2ND
Seattle Aviators batting - Pitching for D.C. Divided : LHP Leslie Brooks
Batting: RHB Kenzaburo Hori 0-0: Swinging Strike
0-1: Ground out 6-3 (Groundball, 6)
Batting: RHB Vernon Caw 0-0: SINGLE (Popup, 23)
Batting: LHB Kenny Webster 0-0: Foul Ball, location: 2F
0-1: Called Strike
0-2: Foul Ball, location: 2F
0-2: Fly out, F8 (Flyball, 8LM)
Batting: RHB Clarence Fox 0-0: Ball
1-0: Ball
2-0: Ball
3-0: Base on Balls
Vernon Caw to second
Batting: RHB Randolph Davis 0-0: Ball
Wild Pitch!
Vernon Caw to third
Clarence Fox to second
1-0: Foul Ball, location: 2F
1-1: Called Strike
1-2: Ball
2-2: Fly out, F4 (Line Drive, 4M)
Top of the 2nd over - 0 run(s), 1 hit(s), 0 error(s), 2 left on base; Seattle 0 - D.C. 1
BOTTOM OF THE 2ND
D.C. Divided batting - Pitching for Seattle Aviators : RHP António Rodríguez
Batting: LHB Charles Mathes 0-0: Ball
1-0: Fly out, F5 (Popup, 5L)
Batting: LHB Brad Elmore 0-0: Called Strike
0-1: Fly out, F7 (Flyball, 78D)
Batting: SHB Félix Cruz 0-0: Foul Ball, location: 2F
0-1: Ball
1-1: Foul Ball, location: 2F
1-2: Ball
2-2: Strikes out swinging
Bottom of the 2nd over - 0 run(s), 0 hit(s), 0 error(s), 0 left on base; Seattle 0 - D.C. 1
TOP OF THE 3RD
Seattle Aviators batting - Pitching for D.C. Divided : LHP Leslie Brooks
Batting: RHB Brian Williams 0-0: Ball
1-0: Foul Ball, location: 2F
1-1: Swinging Strike
1-2: Foul Ball, location: 2F
1-2: Ball
2-2: Foul Ball, location: 2F
2-2: DOUBLE (Flyball, 9D)
Batting: RHB Sean Davis 0-0: Ball
1-0: Called Strike
1-1: Ball
2-1: Ball
3-1: Ground out 6-3 (Groundball, 6)
Batting: LHB Jorge Mojica 0-0: Called Strike
0-1: Ball
1-1: Swinging Strike
1-2: Foul Ball, location: 2F
1-2: Ball
2-2: Ball
3-2: SINGLE (Flyball, 8LS)
Brian Williams to third
Runner from 3rd tries for Home, SAFE, throw made home
Batting: RHB Tanyu Kimura 0-0: Ball
1-0: Foul Ball, location: 2F
1-1: Ball
2-1: Foul Ball, location: 2F
2-2: Foul Ball, location: 2F
2-2: Foul Ball, location: 2F
2-2: Foul Ball, location: 2F
2-2: Ball
3-2: Fly out, F6 (Popup, 56D)
Batting: RHB Kenzaburo Hori 0-0: Ball
1-0: Foul Ball, location: 2F
1-1: Ground out 1-3 (Groundball, 23)
Top of the 3rd over - 1 run(s), 2 hit(s), 0 error(s), 1 left on base; Seattle 1 - D.C. 1
BOTTOM OF THE 3RD
D.C. Divided batting - Pitching for Seattle Aviators : RHP António Rodríguez
Batting: RHB Cristo González 0-0: Ground out 1-3 (Groundball, 13)
Batting: RHB Duncan Thomas 0-0: Foul Ball, location: 2F
0-1: Foul Ball, location: 2F
0-2: Ball
1-2: Strikes out swinging
Batting: LHB Keith Bridges 0-0: Ball
1-0: Ball
2-0: Ball
3-0: Base on Balls
Batting: LHB Ray Sears 0-0: Called Strike
0-1: Fly out, F9 (Flyball, 9LM)
Bottom of the 3rd over - 0 run(s), 0 hit(s), 0 error(s), 1 left on base; Seattle 1 - D.C. 1
TOP OF THE 4TH
Seattle Aviators batting - Pitching for D.C. Divided : LHP Leslie Brooks
Batting: RHB Vernon Caw 0-0: SINGLE (Groundball, 5D)
Batting: LHB Kenny Webster 0-0: Called Strike
0-1: Ball
1-1: Foul Ball, location: 2F
1-2: Foul Ball, location: 2F
1-2: Foul Ball, location: 2F
1-2: SINGLE (Line Drive, 4MD)
Vernon Caw to second
Batting: RHB Clarence Fox 0-0: Ball
1-0: Foul Ball, location: 2F
1-1: DOUBLE (Line Drive, 6)
Vernon Caw scores
Kenny Webster to third
Batting: RHB Randolph Davis 0-0: Ball
1-0: Called Strike
1-1: Ball
2-1: Ball
3-1: Base on Balls
Batting: RHB Brian Williams 0-0: Called Strike
0-1: Ball
1-1: SINGLE (Line Drive, 78S)
Kenny Webster scores
Clarence Fox to third
Randolph Davis to second
Batting: RHB Sean Davis 0-0: Swinging Strike
0-1: Foul Ball, location: 2F
0-2: Foul Ball, location: 2F
0-2: Ball
1-2: Strikes out swinging
Batting: LHB Jorge Mojica 0-0: Swinging Strike
0-1: Ball
1-1: Ball
2-1: Ball
3-1: Foul Ball, location: 2F
3-2: Foul Ball, location: 2F
3-2: Foul Ball, location: 2F
3-2: Foul Ball, location: 2F
3-2: Base on Balls
Clarence Fox scores
Randolph Davis to third
Brian Williams to second
Batting: RHB Tanyu Kimura 0-0: Ball
1-0: Ball
2-0: Foul Ball, location: 2F
2-1: Ball
3-1: Base on Balls
Randolph Davis scores
Brian Williams to third
Jorge Mojica to second
Batting: RHB Kenzaburo Hori 0-0: Ball
1-0: Fly out, F9 (Flyball, 9M)
Runner from 3rd tags up, SCORES, throw made
Pitching: RHP Lawrence Bignold
Batting: RHB Vernon Caw 0-0: Ball
1-0: Foul Ball, location: 2F
1-1: Ball
2-1: Foul Ball, location: 2F
2-2: Hit by Pitch
Jorge Mojica to third
Tanyu Kimura to second
Batting: LHB Kenny Webster 0-0: Ball
1-0: Foul Ball, location: 2F
1-1: Ball
2-1: Foul Ball, location: 2F
2-2: Strikes out swinging
Top of the 4th over - 5 run(s), 4 hit(s), 0 error(s), 3 left on base; Seattle 6 - D.C. 1
BOTTOM OF THE 4TH
D.C. Divided batting - Pitching for Seattle Aviators : RHP António Rodríguez
Batting: LHB Mike Gardner 0-0: Ball
1-0: Called Strike
1-1: Swinging Strike
1-2: Ball
2-2: Foul Ball, location: 2F
2-2: Ball
3-2: Base on Balls
Batting: RHB Miguel Silva 0-0: Ball
1-0: Swinging Strike
1-1: Ball
2-1: Ball
3-1: Base on Balls
Mike Gardner to second
Batting: LHB Charles Mathes 0-0: Ball
1-0: Foul Ball, location: 2F
1-1: Ball
2-1: Foul Ball, location: 2F
2-2: Ball
3-2: Strikes out looking
Batting: LHB Brad Elmore 0-0: SINGLE (Line Drive, 78M)
Mike Gardner to third
Miguel Silva to second
Batting: SHB Félix Cruz 0-0: Foul Ball, location: 2F
0-1: Swinging Strike
0-2: Fly out, F7 (Line Drive, 7M)
Runner from 3rd tags up, SCORES, throw made
Batting: RHB Cristo González 0-0: Fly out, F9 (Flyball, 9M)
Bottom of the 4th over - 1 run(s), 1 hit(s), 0 error(s), 2 left on base; Seattle 6 - D.C. 2
TOP OF THE 5TH
Seattle Aviators batting - Pitching for D.C. Divided : RHP Lawrence Bignold
Batting: RHB Clarence Fox 0-0: Ball
1-0: Ball
2-0: Called Strike
2-1: Swinging Strike
2-2: Ball
3-2: Base on Balls
Batting: RHB Randolph Davis 0-0: Ball
Wild Pitch!
Clarence Fox to second
1-0: Ball
2-0: Ball
3-0: Called Strike
3-1: SINGLE (Groundball, 4M)
Clarence Fox to third
Runner from 3rd tries for Home, SAFE, no throw or cutoff
Batting: RHB Brian Williams 0-0: Ball
1-0: Foul Ball, location: 2F
1-1: Ball
2-1: Called Strike
2-2: Ball
Wild Pitch!
Randolph Davis to second
3-2: Foul Ball, location: 2F
3-2: Base on Balls
Batting: RHB Sean Davis 0-0: Fly out, F9 (Flyball, 9D)
Runner from 2nd tags up, SAFE at 3rd, no throw
Batting: LHB Jorge Mojica 0-0: Foul Ball, location: 2F
0-1: Ball
1-1: Called Strike
1-2: Ball
2-2: Ball
3-2: Base on Balls
Brian Williams to second
Batting: RHB Tanyu Kimura 0-0: Ball
1-0: Foul Ball, location: 2F
1-1: SINGLE (Line Drive, 56)
Randolph Davis scores
Brian Williams to third
Jorge Mojica to second
Batting: RHB Kenzaburo Hori 0-0: Called Strike
0-1: Foul Ball, location: 2F
0-2: Foul Ball, location: 2F
0-2: Ball
1-2: Fly out, F8 (Flyball, 89D)
Runner from 3rd tags up, SCORES, no throw
Pitching: RHP Ed McWhannell
Batting: RHB Vernon Caw 0-0: Ball
1-0: Foul Ball, location: 2F
1-1: Ground out 5-3 (Groundball, 56S)
Top of the 5th over - 3 run(s), 2 hit(s), 0 error(s), 2 left on base; Seattle 9 - D.C. 2
BOTTOM OF THE 5TH
D.C. Divided batting - Pitching for Seattle Aviators : RHP António Rodríguez
Batting: RHB Duncan Thomas 0-0: Called Strike
0-1: Ball
1-1: Ball
2-1: Swinging Strike
2-2: Foul Ball, location: 2F
2-2: Ball
3-2: Foul Ball, location: 2F
3-2: Ground out 2-3 (Groundball, 2L)
Batting: LHB Keith Bridges 0-0: Foul Ball, location: 2F
0-1: Ball
1-1: Ball
2-1: Ground out 1-3 (Groundball, 25)
Batting: LHB Ray Sears 0-0: Ball
1-0: Fly out, F4 (Popup, 4D)
Bottom of the 5th over - 0 run(s), 0 hit(s), 0 error(s), 0 left on base; Seattle 9 - D.C. 2
TOP OF THE 6TH
Seattle Aviators batting - Pitching for D.C. Divided : RHP Ed McWhannell
Batting: LHB Kenny Webster 0-0: Ball
1-0: Called Strike
1-1: Foul Ball, location: 2F
1-2: Ball
2-2: Ball
3-2: Ground out U3 (Groundball, 3L)
Batting: RHB Clarence Fox 0-0: Foul Ball, location: 2F
0-1: Called Strike
0-2: Foul Ball, location: 2F
0-2: Foul Ball, location: 2F
0-2: Strikes out swinging
Batting: RHB Randolph Davis 0-0: Ball
1-0: Called Strike
1-1: Ball
2-1: Called Strike
2-2: Ball
3-2: Base on Balls
Batting: RHB Brian Williams 0-0: DOUBLE (Flyball, 9LD)
Randolph Davis to third
Runner from 3rd tries for Home, throw and OUT!
Top of the 6th over - 0 run(s), 1 hit(s), 0 error(s), 1 left on base; Seattle 9 - D.C. 2
BOTTOM OF THE 6TH
D.C. Divided batting - Pitching for Seattle Aviators : RHP António Rodríguez
Batting: LHB Mike Gardner 0-0: Ball
1-0: Ball
2-0: Called Strike
2-1: Ball
3-1: Base on Balls
Batting: RHB Miguel Silva 0-0: Ball
1-0: Ball
2-0: Ball
3-0: Called Strike
3-1: Base on Balls
Mike Gardner to second
Batting: LHB Charles Mathes 0-0: Ball
1-0: Ball
2-0: Ball
3-0: Base on Balls
Mike Gardner to third
Miguel Silva to second
Batting: LHB Brad Elmore 0-0: Ball
1-0: Ball
2-0: Ball
3-0: Base on Balls
Mike Gardner scores
Miguel Silva to third
Charles Mathes to second
Batting: SHB Félix Cruz 0-0: Called Strike
0-1: Foul Ball, location: 2F
0-2: Foul Ball, location: 2F
0-2: Ball
1-2: Grounds into double play, 4-6-3 (Groundball, 4)
Miguel Silva scores
Charles Mathes to third
Batting: RHB Cristo González 0-0: Foul Ball, location: 2F
0-1: Called Strike
0-2: Foul Ball, location: 2F
0-2: Fly out, F6 (Line Drive, 6)
Bottom of the 6th over - 2 run(s), 0 hit(s), 0 error(s), 1 left on base; Seattle 9 - D.C. 4
TOP OF THE 7TH
Seattle Aviators batting - Pitching for D.C. Divided : RHP Ed McWhannell
Batting: RHB Sean Davis 0-0: Ball
1-0: Foul Ball, location: 2F
1-1: Ground out 5-3 (Groundball, 56)
Batting: LHB Jorge Mojica 0-0: Ball
1-0: Ball
2-0: Called Strike
2-1: Swinging Strike
2-2: Fly out, F5 (Popup, 15)
Batting: RHB Tanyu Kimura 0-0: Ball
1-0: Foul Ball, location: 2F
1-1: Ball
2-1: Ball
3-1: Foul Ball, location: 2F
3-2: Base on Balls
Batting: RHB Kenzaburo Hori 0-0: Ball
1-0: Called Strike
1-1: Ball
2-1: Foul Ball, location: 2F
2-2: Ball
3-2: DOUBLE (Line Drive, 7LD)
Tanyu Kimura to third
Tanyu Kimura scores
Batting: RHB Vernon Caw 0-0: Foul Ball, location: 2F
0-1: Ground out 6-3 (Groundball, 6M)
Top of the 7th over - 1 run(s), 1 hit(s), 0 error(s), 1 left on base; Seattle 10 - D.C. 4
BOTTOM OF THE 7TH
D.C. Divided batting - Pitching for Seattle Aviators : RHP António Rodríguez
Batting: RHB Duncan Thomas 0-0: Ball
1-0: Ground out 6-3 (Groundball, 6)
Batting: LHB Keith Bridges 0-0: Ball
1-0: Foul Ball, location: 2F
1-1: Ball
2-1: Ball
3-1: Ground out 3-1 (Groundball, 34)
Batting: LHB Ray Sears 0-0: Ball
1-0: Ball
2-0: Called Strike
2-1: Ground out 1-3 (Groundball, 13)
Bottom of the 7th over - 0 run(s), 0 hit(s), 0 error(s), 0 left on base; Seattle 10 - D.C. 4
TOP OF THE 8TH
Seattle Aviators batting - Pitching for D.C. Divided : RHP Ed McWhannell
Batting: LHB Kenny Webster 0-0: Ball
1-0: Ball
2-0: Ball
3-0: Base on Balls
Pitching: LHP Greg Jordan
Batting: RHB Clarence Fox 0-0: Sac Bunt - play at first, batter OUT! 5-3
Kenny Webster to second
Batting: RHB Randolph Davis 0-0: Called Strike
0-1: Ball
1-1: Swinging Strike
1-2: Ball
2-2: Ground out 4-3 (Groundball, 4MS)
Kenny Webster to third
Batting: RHB Brian Williams 0-0: Ball
1-0: Ball
2-0: Foul Ball, location: 2F
2-1: Called Strike
2-2: Strikes out swinging
Top of the 8th over - 0 run(s), 0 hit(s), 0 error(s), 1 left on base; Seattle 10 - D.C. 4
BOTTOM OF THE 8TH
D.C. Divided batting - Pitching for Seattle Aviators : RHP António Rodríguez
Now in RF: Ramón García
Batting: LHB Mike Gardner 0-0: Swinging Strike
0-1: Foul Ball, location: 2F
0-2: Ball
1-2: Strikes out swinging
Batting: RHB Miguel Silva 0-0: Ball
1-0: Ball
2-0: Ball
3-0: Swinging Strike
3-1: Foul Ball, location: 2F
3-2: Base on Balls
Pitching: RHP José Trujillo
Batting: LHB Charles Mathes 0-0: Ball
1-0: Fly out, F7 (Line Drive, 7M)
Batting: LHB Brad Elmore 0-0: Ball
1-0: Foul Ball, location: 2F
1-1: Foul Ball, location: 2F
1-2: Ball
2-2: Ball
3-2: SINGLE (Groundball, 4MD)
Miguel Silva to second
Miguel Silva to third
Batting: SHB Félix Cruz 0-0: Swinging Strike
0-1: Ball
1-1: Ball
2-1: Ball
3-1: Foul Ball, location: 2F
3-2: Foul Ball, location: 2F
3-2: Fly out, F9 (Flyball, 89M)
Bottom of the 8th over - 0 run(s), 1 hit(s), 0 error(s), 2 left on base; Seattle 10 - D.C. 4
TOP OF THE 9TH
Seattle Aviators batting - Pitching for D.C. Divided : LHP Greg Jordan
Batting: RHB Sean Davis 0-0: Ball
1-0: Ball
2-0: Foul Ball, location: 2F
2-1: Ball
3-1: Fly out, F5 (Popup, 13)
Batting: LHB Jorge Mojica 0-0: Ball
1-0: Ball
2-0: Foul Ball, location: 2F
2-1: Ground out U3 (Groundball, 3S)
Batting: RHB Tanyu Kimura 0-0: Called Strike
0-1: Foul Ball, location: 2F
0-2: Ball
1-2: Ground out 6-3 (Groundball, 6)
Top of the 9th over - 0 run(s), 0 hit(s), 0 error(s), 0 left on base; Seattle 10 - D.C. 4
BOTTOM OF THE 9TH
D.C. Divided batting - Pitching for Seattle Aviators : RHP José Trujillo
Now at 3B: Tynan Hawkins
Batting: RHB Cristo González 0-0: Fly out, F7 (Flyball, 78M)
Batting: RHB Duncan Thomas 0-0: Ball
1-0: Foul Ball, location: 2F
1-1: Ball
2-1: Ball
3-1: Base on Balls
Batting: LHB Keith Bridges 0-0: Called Strike
0-1: Foul Ball, location: 2F
0-2: Ball
1-2: Fly out, F7 (Flyball, 7LMF)
Batting: LHB Ray Sears 0-0: Ground out 4-3 (Groundball, 4)
Bottom of the 9th over - 0 run(s), 0 hit(s), 0 error(s), 1 left on base; Seattle 10 - D.C. 4
This league is powered by Out of the Park Baseball, the baseball management simulation game for PC, Mac and Linux
Friday, July 8th, 2016 - OOTP Baseball 16.9 Build 39